 Dungeon Crawl Stone Soup version 0.22.1-2-g9c5b331 (webtiles) character file.

24408 Yuikono the Harbinger of Death (level 13, -3/76 HPs)
             Began as a Tengu Air Elementalist on Dec 10, 2018.
             Was a High Priest of Yredelemnul.
             Slain by Snorg (10 damage)
             ... on level 1 of the Orcish Mines.
             The game lasted 02:14:54 (19403 turns).

Yuikono the Harbinger of Death (TeAE)              Turns: 19403, Time: 02:14:58

Health: -3/76      AC:  8    Str:  7 (9)  XL:     13   Next: 12%
Magic:  15/23      EV: 12    Int: 29      God:    Yredelemnul [*****.]
Gold:   938        SH:  0    Dex: 15 (16) Spells: 10/25 levels left

rFire    + . .     SeeInvis .   V - +3 mace "Gots" {flame, rElec Int+6}
rCold    + + .     Gourm    .   (no shield)
rNeg     . . .     Faith    .   Z - +1 leather armour of Roakeowu {rPois rF+}
rPois    +         Spirit   .   u - +0 hat
rElec    +         Reflect  .   L - scarf {repulsion}
rCorr    .         Harm     .   (no gloves)
MR       +....                  (boots unavailable)
Stlth    ++........             r - amulet of magic regeneration
HPRegen  0.22/turn              J - ring "Pawyemot" {rC++ MR+ Int+4}
MPRegen  0.43/turn              b - +4 ring of protection

@: about to teleport, hasted, repel missiles, very quick
A: antennae 1, beak, talons 3, deterioration 1, MP-powered wands, able to fly 1
a: Fly, Recall Undead Slaves, Injury Mirror, Animate Dead, Drain Life, Enslave
Soul, Renounce Religion


You were on level 1 of the Orcish Mines.
You worshipped Yredelemnul.
Yredelemnul was extremely pleased with you.
You were very hungry.

You visited 2 branches of the dungeon, and saw 16 of its levels.
You also visited: Sewer and Ossuary.

You collected 938 gold pieces.

Inventory:

Hand Weapons
 e - a +0 hunting sling
 y - a +4 scimitar of flaming
 B - a +0 dagger of draining
 V - the +3 mace "Gots" (weapon) {flame, rElec Int+6}
   (You found it on level 12 of the Dungeon)

   It has been specially enchanted to burn those struck by it, causing extra
   injury to most foes and up to half again as much damage against particularly
   susceptible opponents.
   It affects your intelligence (+6).
   It insulates you from electricity.
Missiles
 g - 362 arrows
 p - 8 tomahawks (quivered)
 M - 4 throwing nets
 Q - 53 bolts
Armour
 q - a +2 robe of positive energy
 u - a +0 hat (worn)
 z - a +1 cloak of magic resistance
 K - a +0 buckler
 L - a scarf of repulsion (worn)
 P - a +2 ring mail of cold resistance
 Z - the +1 leather armour of Roakeowu (worn) {rPois rF+}
   (You found it on level 13 of the Dungeon)

   It protects you from fire.
   It protects you from poison.
Magical Staves
 d - an uncursed staff of poison
Jewellery
 b - a +4 ring of protection (right hand)
 f - an uncursed amulet of guardian spirit
 r - an amulet of magic regeneration (around neck)
 t - an uncursed amulet of faith {unknown}
 J - the ring "Pawyemot" (left hand) {rC++ MR+ Int+4}
   (You found it on level 6 of the Dungeon)

   [ring of protection from magic]

   It affects your intelligence (+4).
   It greatly protects you from cold.
   It affects your resistance to hostile enchantments.
Wands
 D - a wand of random effects (51)
 E - a wand of polymorph (17)
 H - a wand of digging (35)
Scrolls
 h - 8 scrolls of remove curse
 i - 7 scrolls of teleportation
 j - a scroll of fear {unknown}
 l - a scroll of magic mapping
 s - 7 scrolls of enchant armour
 N - a scroll of amnesia
 O - a scroll of fog {unknown}
 R - a scroll of acquirement {unknown}
 S - a scroll of torment {unknown}
 U - a scroll of enchant weapon {unknown}
 Y - a scroll of identify
Potions
 k - 3 potions of might
 m - 2 potions of brilliance
 n - 2 potions of haste
 o - a potion of cancellation
 w - a potion of invisibility
 x - 2 potions of mutation
 A - a potion of agility
 C - 6 potions of flight
 F - 2 potions of lignification {unknown}
 G - 4 potions of resistance {unknown}
 I - a potion of experience {unknown}
 T - 4 potions of curing
 W - a potion of berserk rage {unknown}
Miscellaneous
 X - a sack of spiders
Comestibles
 c - 17 rations
 v - 4 chunks of flesh


   Skills:
 - Level 7.0 Fighting
 - Level 4.0 Armour
 - Level 2.1 Dodging
 - Level 2.0 Stealth
 + Level 6.5 Spellcasting
 + Level 9.0 Conjurations
 - Level 2.9 Charms
 + Level 11.6 Air Magic
 - Level 12.7 Invocations
 - Level 5.6 Evocations


You had 10 spell levels left.
You knew the following spells:

 Your Spells              Type           Power        Failure   Level  Hunger
a - Shock                 Conj/Air       ####         1%          1    None
b - Swiftness             Chrm/Air       ######..     1%          2    None
c - Static Discharge      Conj/Air       ######..     1%          3    None
d - Airstrike             Air            ######....   1%          4    ##.....
e - Lightning Bolt        Conj/Air       ######....   3%          5    #####..

Your spell library contained the following spells:

 Spells                   Type           Power        Failure   Level  Hunger
 Apportation              Tloc           #.....       8%          1    None
 Summon Butterflies       Summ           #.......     8%          1    None
 Lesser Beckoning         Tloc           #.........   24%         3    None
 Tukima's Dance           Hex            #.......     24%         3    None
 Alistair's Intoxication  Tmut/Pois      #.......     91%         5    #####..
 Invisibility             Hex            #.......     100%        6    ######.


Dungeon Overview and Level Annotations

Branches:
Dungeon (15/15)            Temple (0/1) D:4            Lair (0/6) D:9
    Orc (1/2) D:11         Vaults (0/5) D:14
 Depths: D:15

Altars:
Ashenzari
Cheibriados
Elyvilon
Fedhas
Gozag
Hepliaklqana
Makhleb
Okawaru
Qazlal
Sif Muna
Uskayaw
Yredelemnul
Zin

Shops:
D:5 [   D:11 (   D:14 !

Portals:
Ice
Cave: Orc:1

Annotations:
D:3 Sigmund
D:11 3 runed doors
Orc:1 Snorg


Innate Abilities, Weirdness & Mutations

You have a beak for a mouth.
You have claws for feet.
You can fly.
You have a pair of small antennae on your head.
Your body sometimes deteriorates upon taking damage.
You expend magic power (3 MP) to strengthen your wands.


Message History

There is a stone staircase leading down here.
Yredelemnul accepts your kill.
You feel a bit more experienced. Snorg bites you!
* * * LOW HITPOINT WARNING * * *
Snorg closely misses you. Snorg misses you.
You hear a shout!
You see here 13 gold pieces.
The orc wizard mumbles some strange words.
The orc wizard blinks!
Your magical contamination has completely faded away.
The orc wizard casts a spell.
The orc wizard blinks!
As you read the scroll of teleportation, it crumbles to dust.
You feel strangely unstable. Snorg bites you!
* * * LOW HITPOINT WARNING * * *
Your body deteriorates!
You feel weakened. Snorg claws you but does no damage. Snorg claws you!
You die...
Your body rises from the dead as a mindless zombie.

...............,,,,,*,**
.$.......#..ยง.....,.##*
$.#...#............#.##**
................#,....#.**
...............###......,**
.o.........o............*,**
.o...........o..........,,,*
.................#......*,**
........>.o.$..T@.#*,,,,***
....#..>..#........#*,,,*
...###.....#......##**,**
...,*#.##.####....# ***
...,....### ##...#
.,,....#,** ##.##
,,.....,,,* ### ,,....,,,,**
,,,,,,,,,,,*


You could see Snorg (berserk), an orc warrior and 2 orcs.

Vanquished Creatures
  A vault guard (D:14)
  2 two-headed ogres
  An unseen horror (D:15)
  An orange crystal statue (D:11)
  4 cyclopes
  A centaur zombie (D:14)
  2 kobold demonologists (D:14)
  An efreet (D:14)
  3 trolls
  A hornet (D:10)
  A harpy skeleton (D:14)
  2 hippogriffs
  A centaur simulacrum (D:14)
  A spriggan (D:7)
  3 wyverns
  A shadow (D:13)
  A wraith (D:10)
  4 water elementals
  A basilisk (D:13)
  2 hungry ghosts
  2 vampire mosquitoes (D:13)
  2 soldier ants
  2 acid dragons
  A water moccasin (D:6)
  3 sky beasts
  3 phantoms
  6 orc warriors
  4 ice beasts
  3 black bears
  A hornet zombie (D:7)
  8 ogres
  10 centaurs
  3 wolves (D:9)
  3 boggarts (D:14)
  3 big kobolds
  4 bullfrogs
  2 wyvern skeletons (D:11)
  7 scorpions
  3 killer bees (D:10)
  2 howler monkeys
  2 electric eels (D:11)
  4 crimson imps
  A quasit (D:6)
  2 centaur skeletons
  2 bullfrog skeletons
  4 hounds
  Crazy Yiuf (D:3)
  3 iguanas
  9 orc wizards
  3 worker ants
  3 big kobold zombies (Ossuary)
  An ogre zombie (D:5)
  2 hound skeletons
  A worker ant zombie (D:6)
  10 adders
  10 gnolls
  A shadow imp (D:8)
  3 oozes (Sewer)
  4 adder zombies
  An adder skeleton (D:4)
  6 worms
  2 dart slugs (D:1)
  7 leopard geckos
  40 orcs
  4 spectral bats (Ossuary)
  9 giant cockroaches
  6 gnoll zombies (Ossuary)
  9 goblins
  10 hobgoblins
  12 jackals
  10 kobolds
  4 quokkas
  4 ball pythons
  14 bats
  A bat simulacrum (Ossuary)
  6 frilled lizards
  A goblin simulacrum (Ossuary)
  3 goblin zombies (Ossuary)
  4 hobgoblin zombies (Ossuary)
  A jackal skeleton (D:4)
  4 kobold zombies (Ossuary)
  8 rats
  2 spectral goblins (Ossuary)
  6 spectral kobolds (Ossuary)
  6 spectral rats (Ossuary)
352 creatures vanquished.

Vanquished Creatures (collateral kills)
  An emperor scorpion (D:14)
  3 vault guards (D:14)
  A hydra (D:12)
  A two-headed ogre (D:12)
  A tengu warrior (D:13)
  Urug (D:13)
  3 ugly things
  3 cyclopes
  A centaur zombie (D:14)
  Joseph (D:8)
  A gargoyle (D:12)
  A centaur skeleton (D:14)
  2 komodo dragons (D:13)
  3 trolls
  2 slime creatures (D:15)
  A hippogriff (D:12)
  2 vampires
  A shadow (D:12)
  6 vampire mosquitoes
  A hungry ghost (D:12)
  An acid dragon (D:14)
  A water moccasin (D:6)
  2 orc warriors
  3 phantoms
  An ogre (D:13)
  2 centaurs (D:11)
  3 bullfrogs
  A gnoll sergeant (D:12)
  A scorpion (D:7)
  A water moccasin zombie (D:6)
  4 howler monkeys
  5 crimson imps
  A bullfrog zombie (D:8)
  A bullfrog skeleton (D:12)
  5 hounds
  2 orc priests
  An orc wizard (D:13)
  5 iguanas
  6 worker ants
  A big kobold zombie (Ossuary)
  A hound zombie (D:8)
  A mummy (Ossuary)
  4 gnolls
  4 adders
  3 shadow imps
  2 oozes
  A worm (D:6)
  2 leopard geckos
  9 orcs
  2 quokkas
  4 bat simulacra (Ossuary)
  3 goblin zombies (Ossuary)
  A kobold (D:11)
  2 kobold simulacra (Ossuary)
  2 orc zombies (Ossuary)
  A rat simulacrum (Ossuary)
125 creatures vanquished.

Vanquished Creatures (others)
  A skeletal warrior (D:15)
  2 phantasmal warriors
  A spectral centaur (D:15)
  An ugly thing skeleton (D:14)
  A vampire (D:14)
  A boggart (D:14)
  A vampire mosquito zombie (D:14)
  A cyclops zombie (D:14)
  A cyclops skeleton (D:14)
  2 wyvern skeletons
  6 wights
  A bullfrog zombie (D:9)
  4 centaur zombies (D:11)
  A black bear zombie (D:11)
  4 human zombies
  An ogre zombie (D:8)
  A hound zombie (D:9)
  A mummy (D:15)
  A worker ant zombie (D:14)
  A howler monkey skeleton (D:13)
  3 scorpion zombies
  4 iguana zombies
  An adder skeleton (D:11)
  A quokka (D:15)
  5 gnoll zombies
  A goblin zombie (Ossuary)
  3 kobold zombies
  4 orc skeletons (D:13)
  9 orc zombies
  A quokka zombie (D:9)
  8 plants (D:13)
73 creatures vanquished.

Grand Total: 550 creatures vanquished

Notes
Turn   | Place    | Note
-------+----------+-------------------------------------------
     0 | D:1      | Yuikono the Tengu Air Elementalist began the quest for the
                  | Orb.
     0 | D:1      | Reached XP level 1. HP: 10/10 MP: 4/4
   509 | D:1      | Reached XP level 2. HP: 15/15 MP: 6/6
   694 | D:1      | Reached XP level 3. HP: 17/19 MP: 2/7
   980 | D:1      | Learned a level 2 spell: Swiftness
   984 | D:1      | Learned a level 3 spell: Static Discharge
  1140 | D:2      | Reached XP level 4. HP: 24/24 MP: 1/9
  1456 | D:2      | Found a blossoming altar of Fedhas.
  1457 | D:2      | Found a stormy altar of Qazlal.
  1564 | D:2      | Reached skill level 5 in Air Magic
  1728 | D:2      | Found a basalt altar of Yredelemnul.
  1737 | D:2      | Became a worshipper of Yredelemnul the Dark
  1977 | D:3      | Found an iron altar of Okawaru.
  2098 | D:3      | Found a runed door.
  2102 | D:3      | Noticed Crazy Yiuf
  2107 | D:3      | HP: 1/24 [Crazy Yiuf/quarterstaff of chaos (14)]
  2108 | D:3      | Killed Crazy Yiuf
  2108 | D:3      | Gained mutation: You can fly. [Tengu growth]
  2108 | D:3      | Reached XP level 5. HP: 2/28 MP: 1/10
  2446 | D:3      | Noticed Sigmund
  2927 | D:4      | Reached XP level 6. HP: 30/32 MP: 1/12
  3003 | D:4      | Found a staircase to the Ecumenical Temple.
  3063 | D:4      | Reached * piety under Yredelemnul
  3140 | D:4      | Found a glowing drain.
  3144 | Sewer    | Entered a sewer
  3188 | Sewer    | Reached skill level 5 in Conjurations
  3428 | Sewer    | Learned a level 4 spell: Airstrike
  4032 | Sewer    | Gained mutation: Your body sometimes deteriorates upon
                  | taking damage. [potion of mutation]
  4032 | Sewer    | Gained mutation: You expend magic power (3 MP) to
                  | strengthen your wands. [potion of mutation]
  4032 | Sewer    | Gained mutation: You have a pair of small antennae on your
                  | head. [potion of mutation]
  4676 | D:4      | Reached ** piety under Yredelemnul
  4676 | D:4      | Reached XP level 7. HP: 30/36 MP: 1/14
  4828 | D:4      | Reached skill level 1 in Invocations
  5324 | D:5      | Entered Level 5 of the Dungeon
  5324 | D:5      | Found a shattered altar of Ashenzari.
  5636 | D:5      | Reached skill level 2 in Invocations
  5652 | D:5      | Found Kuntanagoh's Antique Armour Shoppe.
  5730 | D:5      | Reached XP level 8. HP: 31/41 MP: 4/16
  5973 | D:5      | Found a snail-covered altar of Cheibriados.
  6210 | D:6      | Found a blossoming altar of Fedhas.
  6262 | D:6      | Reached skill level 5 in Spellcasting
  6497 | D:6      | Found a sand-covered staircase.
  6519 | Ossuary  | Entered an ossuary
  6545 | Ossuary  | Reached *** piety under Yredelemnul
  6761 | Ossuary  | Received a gift from Yredelemnul (a wight)
  6884 | Ossuary  | Reached **** piety under Yredelemnul
  6886 | Ossuary  | Received a gift from Yredelemnul (a wight)
  7136 | D:6      | Got a slimy lead ring
  7360 | D:6      | Received a gift from Yredelemnul (a mummy)
  7445 | D:6      | Found a glowing silver altar of Zin.
  7445 | D:6      | Found an opulent altar of Gozag.
  7508 | D:6      | Identified the ring "Pawyemot" {rC++ MR+ Int+4} (You found
                  | it on level 6 of the Dungeon)
  7808 | D:7      | Reached XP level 9. HP: 32/45 MP: 18/18
  7949 | D:7      | Found a hide-covered altar of Uskayaw.
  8250 | D:7      | Found a hazy altar of Hepliaklqana.
  8251 | D:7      | Found a white marble altar of Elyvilon.
  8384 | D:7      | Found a burning altar of Makhleb.
  8665 | D:8      | Noticed Joseph
  8682 | D:8      | Killed Joseph
  8682 | D:8      | Reached skill level 3 in Invocations
  8877 | D:8      | Found a deep blue altar of Sif Muna.
  9390 | D:8      | Reached skill level 4 in Invocations
 10018 | D:9      | Reached skill level 5 in Invocations
 10021 | D:9      | Reached XP level 10. HP: 37/50 MP: 15/20
 10298 | D:9      | Reached skill level 5 in Evocations
 11298 | D:9      | Learned a level 5 spell: Lightning Bolt
 11312 | D:9      | Found a staircase to the Lair.
 11429 | D:9      | Reached skill level 6 in Invocations
 11695 | D:10     | Entered Level 10 of the Dungeon
 11792 | D:10     | Reached skill level 10 in Air Magic
 12129 | D:10     | Paralysed by a hornet for 2 turns
 12133 | D:10     | Paralysed by a hornet for 1 turns
 12442 | D:10     | Received a gift from Yredelemnul (a wight)
 12592 | D:10     | Noticed a two-headed ogre
 12598 | D:10     | Killed a two-headed ogre
 12598 | D:10     | Reached skill level 7 in Invocations
 13202 | D:11     | Received a gift from Yredelemnul (a wight)
 13260 | D:11     | Found a staircase to the Orcish Mines.
 13265 | D:11     | Reached XP level 11. HP: 35/54 MP: 16/21
 13291 | D:11     | Reached skill level 8 in Invocations
 13294 | D:11     | Received a gift from Yredelemnul (a wight)
 13439 | D:11     | Found Cuynej's Weapon Emporium.
 13452 | D:11     | Found a runed door.
 13486 | D:11     | Found a runed door.
 13572 | D:11     | Found a runed door.
 13583 | D:11     | Found a runed door.
 13734 | D:11     | Noticed a cyclops
 13745 | D:11     | Killed a cyclops
 13745 | D:11     | Reached skill level 9 in Invocations
 14246 | D:11     | Noticed an orange crystal statue
 14320 | D:11     | Reached ***** piety under Yredelemnul
 14320 | D:11     | Received a gift from Yredelemnul (a phantasmal warrior)
 14325 | D:11     | Killed an orange crystal statue
 14473 | D:12     | Found a white marble altar of Elyvilon.
 14474 | D:12     | Got a crude mace
 14475 | D:12     | Identified the +3 mace "Gots" {flame, rElec Int+6} (You
                  | found it on level 12 of the Dungeon)
 14479 | D:12     | Noticed a six-headed hydra
 14541 | D:12     | Killed a six-headed hydra
 14541 | D:12     | Reached skill level 10 in Invocations
 14727 | D:12     | Noticed a cyclops
 14737 | D:12     | Killed a cyclops
 14842 | D:12     | Received a gift from Yredelemnul (a wight)
 14848 | D:12     | Noticed a two-headed ogre
 14855 | D:12     | Killed a two-headed ogre
 14855 | D:12     | Reached skill level 11 in Invocations
 15269 | D:12     | Found a hide-covered altar of Uskayaw.
 15353 | D:12     | Reached skill level 1 in Charms
 15516 | D:13     | HP: 2/54 [vampire mosquito (13)]
 15520 | D:12     | Reached XP level 12. HP: 3/59 MP: 7/22
 15946 | D:13     | Noticed a tengu warrior
 15955 | D:13     | Killed a tengu warrior
 16481 | D:13     | Noticed Urug
 16510 | D:13     | Killed Urug
 16510 | D:13     | Reached skill level 12 in Invocations
 16724 | D:14     | Noticed a two-headed ogre
 16755 | D:13     | Got a transparent leather armour
 16766 | D:13     | Identified the +1 leather armour of Roakeowu {rPois rF+}
                  | (You found it on level 13 of the Dungeon)
 17073 | D:14     | Received a gift from Yredelemnul (a vampire)
 17133 | D:13     | Your ally Urug died
 17531 | D:14     | Killed a two-headed ogre
 17843 | D:14     | Reached skill level 1 in Armour
 17877 | D:14     | Reached skill level 1 in Fighting
 17942 | D:14     | Received a gift from Yredelemnul (a skeletal warrior)
 18118 | D:14     | Noticed a vault guard
 18127 | D:14     | Killed a vault guard
 18137 | D:14     | Noticed a vault guard
 18142 | D:14     | Noticed a vault guard
 18148 | D:14     | Killed a vault guard
 18167 | D:14     | Killed a vault guard
 18181 | D:14     | Reached skill level 5 in Fighting
 18186 | D:14     | Found a gate to the Vaults.
 18328 | D:14     | Noticed a vault guard
 18349 | D:14     | Killed a vault guard
 18349 | D:14     | Reached XP level 13. HP: 49/74 MP: 8/23
 18349 | D:14     | Received a gift from Yredelemnul (a phantasmal warrior)
 18378 | D:14     | Found Xuugg's Distillery.
 18503 | D:15     | Entered Level 15 of the Dungeon
 18688 | D:15     | Noticed an emperor scorpion
 18695 | D:15     | Noticed a dire elephant
 18752 | D:14     | Killed an emperor scorpion
 19182 | Orc:1    | Entered Level 1 of the Orcish Mines
 19182 | Orc:1    | Found a burning altar of Makhleb.
 19307 | Orc:1    | Noticed Snorg
 19329 | Orc:1    | Found a frozen archway.
 19403 | Orc:1    | Slain by Snorg

Skill      XL: |  1  2  3  4  5  6  7  8  9 10 11 12 13 |
---------------+----------------------------------------+-----
Conjurations   | 2 3 4 5 6 8 9 |  9.0
Air Magic      | 5 6 7 9 11 | 11.6
Spellcasting   | 3 4 5 6 |  6.5
Invocations    | 2 5 7 11 12 | 12.7
Evocations     | 4 5 |  5.6
Charms         | 1 2 |  2.9
Armour         | 4 |  4.0
Fighting       | 5 7 |  7.0
Dodging        | |  2.1
Stealth        | |  2.0

Action                   |  1- 3 |  4- 6 |  7- 9 | 10-12 | 13-15 || total
-------------------------+-------+-------+-------+-------+-------++-------
Melee: Short sword       |    50 |    20 |       |       |       ||    70
       Unarmed           |     2 |       |       |       |       ||     2
       Kick              |     8 |    16 |    71 |    30 |     1 ||   126
       Peck              |     8 |    11 |    40 |    26 |       ||    85
       Dagger            |       |    88 |    83 |       |       ||   171
       Mace              |       |    14 |   100 |    55 |     5 ||   174
       Flail             |       |       |    53 |    69 |       ||   122
Throw: Stone             |     3 |       |     2 |       |       ||     5
       Tomahawk          |       |       |       |     4 |     4 ||     8
 Cast: Shock             |    24 |   104 |   174 |   195 |    40 ||   537
       Swiftness         |       |     1 |     2 |     2 |     2 ||     7
       Static Discharge  |       |     2 |     1 |     6 |     1 ||    10
       Airstrike         |       |       |    20 |   201 |    21 ||   242
       Lightning Bolt    |       |       |       |     1 |     1 ||     2
Invok: Animate Remains   |       |       |     3 |       |       ||     3
       Animate Dead      |       |       |     6 |    33 |     4 ||    43
       Drain Life        |       |       |       |     2 |     1 ||     3
       Enslave Soul      |       |       |       |     1 |     2 ||     3
       Recall Undead Sla |       |       |       |       |     1 ||     1
 Abil: Fly               |       |     3 |       |     1 |       ||     4
Evoke: Wand              |       |       |     2 |       |       ||     2
  Use: Scroll            |       |    11 |     4 |     4 |     3 ||    22
       Potion            |       |    11 |     1 |     3 |     3 ||    18
 Stab: Sleeping          |     4 |     6 |     9 |       |       ||    19
       Distracted        |       |       |     1 |       |       ||     1
  Eat: Chunk             |     1 |    12 |    19 |    29 |     4 ||    65
       Ration            |       |       |     1 |     9 |     1 ||    11
Armor: Robe              |    25 |    46 |    91 |    56 |       ||   218
       Leather armour    |       |       |       |    27 |     7 ||    34
Dodge: Dodged            |    34 |   144 |   212 |   183 |    15 ||   588
       Deflected         |       |       |     3 |    19 |     2 ||    24
